 Dungeon Crawl Stone Soup version 0.26-a0-1139-g7d2dc893a1 (webtiles) character file.

Game seed: 13898508056694927883

340 Dracia the Chopper (level 6, -13/47 HPs)
             Began as a Demonspawn Fighter on Dec 21, 2020.
             Splashed by Ijyb's acid (17 damage)
             ... on level 5 of the Dungeon.
             The game lasted 00:03:41 (4404 turns).

Dracia the Chopper (Demonspawn Fighter)             Turns: 4404, Time: 00:03:41

Health: -13/47     AC: 12    Str: 17    XL:     6   Next: 30%
Magic:  6/6        EV:  7    Int:  9    God:
Gold:   226        SH:  9    Dex: 14    Spells: 5/5 levels left

rFire    . . .     SeeInvis .   a - +0 war axe
rCold    . . .     Faith    .   c - +0 kite shield
rNeg     . . .     Spirit   .   b - +0 scale mail
rPois    .         Reflect  .   g - +0 helmet
rElec    .         Harm     .   s - +0 cloak
rCorr    .         Rampage  .   f - +0 pair of gloves
Will     .....                  (no boots)
Stlth    ..........             (no amulet)
HPRegen  0.15/turn              (no ring)
MPRegen  0.10/turn              (no ring)

@: marked, corroded
A: iridescent scales 3, demonic guardian 1
a: no special abilities


You were on level 5 of the Dungeon.
You visited 1 branch of the dungeon, and saw 5 of its levels.

You collected 226 gold pieces.


Innate Abilities, Weirdness & Mutations

You are completely covered in iridescent scales. (AC +6)
A weak demonic guardian rushes to your aid.


   Skills:
 - Level 3.0 Fighting
 * Level 5.1 Axes
 - Level 2.6 Armour
 + Level 4.2 Shields


You had 5 spell levels left.
You didn't know any spells.
Your spell library contained the following spells:

 Spells                   Type           Power        Failure   Level
 Corona                   Hex            0%           99%         1
 Magic Dart               Conj           0%           99%         1
 Searing Ray              Conj           0%           100%        2
 Dazzling Flash           Conj/Hex       0%           100%        3
 Fulminant Prism          Conj/Hex       0%           100%        4
 Iskenderun's Mystic Bla  Conj/Tloc      0%           100%        4

Inventory:

Hand Weapons
 a - a +0 war axe (weapon)
Armour
 b - a +0 scale mail (worn)
 c - a +0 kite shield (worn)
 f - a +0 pair of gloves (worn)
 g - a +0 helmet (worn)
 s - a +0 cloak (worn)
Wands
 k - a wand of polymorph (6)
Scrolls
 l - a scroll of identify {@r1@r1}
 n - a scroll of fear
Potions
 d - 2 potions of might
 e - 3 potions of brilliance
 h - a potion of cancellation {unknown}
 i - a potion of magic {unknown}
 j - a potion of invisibility
 m - a potion of flight {unknown}
 o - a potion of attraction {unknown}
 p - a potion of haste {unknown}
 q - a potion of curing {unknown}
 r - a potion of degeneration {unknown}

Dungeon Overview and Level Annotations

Branches:
Dungeon (5/15)             Temple (0/1) D:4

Altars:
Dithmenos
Kikubaaqudgha
Nemelex Xobeh
Sif Muna
Vehumet
Zin
The Shining One

Annotations:
D:5 Ijyb

...# ...# #.#..#. ..
...# #.#..#.#.# ...#
#.#..#.#.# ...#
#.#..#.#.# ...#
#.#..#.#.# ...#
#.#).#.#.#
##########.#..#.#g#
..............#.@.#
####....##.#..#.######
#....##.............
#########.##########
####### #... ......#
##### ......+ ..#
......# #.# ......#
#.#


You could see Ijyb.


Message History

The white imp hits you but does no damage. x2
Your shadow imp hits the white imp but does no damage.
Your ufetubus hits the white imp.
The white imp dies!
You slash the white imp!
You kill the white imp!
No target in view!
No target in view!
Your shadow imp disappears in a puff of smoke!
Your ufetubus disappears in a puff of smoke!
Key pressed, stopping explore.
Unknown command.
You set off the alarm!
A sentinel's mark forms upon you.
You hear a shout! x2; You hear an angry hiss.
Found a spear.
Ijyb the Twisted Goblin comes into view.
She is carrying a wand of acid (7).
Ijyb zaps a wand.
The bolt of acid hits you! The acid corrodes you!
You are splashed with acid!
* * * LOW HITPOINT WARNING * * *
You are too injured to fight recklessly!
You are too injured to fight recklessly!
You are too injured to fight recklessly!
Unknown command.
You hit Ijyb.
Ijyb is lightly wounded.
Ijyb zaps a wand.
The bolt of acid hits you!
* * * LOW HITPOINT WARNING * * *
You are splashed with acid!
You die...

Skill      XL: |  1  2  3  4  5  6 |
---------------+-------------------+-----
Axes           | 2 3 4 5 |  5.1
Shields        | 3 4 |  4.2
Fighting       | |  3.0
Armour         | |  2.6

Action                   |  1- 3 |  4- 6 || total
-------------------------+-------+-------++-------
Melee: War axe           |    95 |   180 ||   275
  Use: Scroll            |       |     3 ||     3
       Potion            |       |     1 ||     1
 Stab: Distracted        |       |     1 ||     1
Armor: Scale mail        |    46 |    94 ||   140
Dodge: Dodged            |    19 |    63 ||    82
Block: Kite shield       |    48 |    87 ||   135

Levels and vault maps discovered:
D:1:      eino_arrival_cavern_e, layout_rooms
D:2:      layout_rooms
D:3:      layout_basic, grunt_temple_overflow_magic_moments, lemuel_round_altar,
          gammafunk_temple_overflow_wave, chequers_serial_rivers_large_a
D:4:      layout_loops_corners, zin_academy, minmay_temple_entry_poolview,
          uniq_crazy_yiuf_cottage
D:5:      layout_basic, nicolae_gozag_seed_capital, ashenzari_altar_1,
          serial_shops, shop_fountains, uniq_ijyb

Notes
Turn   | Place    | Note
-------+----------+-------------------------------------------
     0 | D:1      | Dracia the Demonspawn Fighter began the quest for the Orb.
     0 | D:1      | Reached XP level 1. HP: 18/18 MP: 1/1
    67 | D:1      | Reached skill level 2 in Axes
   184 | D:1      | Gained mutation: You are partially covered in iridescent
                  | scales. (AC +2) [demonic ancestry]
   184 | D:1      | Reached XP level 2. HP: 20/24 MP: 2/2
   439 | D:1      | Reached skill level 3 in Shields
   719 | D:2      | Gained mutation: A weak demonic guardian rushes to your
                  | aid. [demonic ancestry]
   719 | D:2      | Reached XP level 3. HP: 25/29 MP: 3/3
   881 | D:2      | Reached skill level 3 in Axes
  1410 | D:2      | Gained mutation: You are mostly covered in iridescent
                  | scales. (AC +4) [demonic ancestry]
  1410 | D:2      | Reached XP level 4. HP: 22/35 MP: 4/4
  2059 | D:3      | Reached skill level 4 in Axes
  2200 | D:3      | Reached XP level 5. HP: 36/41 MP: 5/5
  2456 | D:3      | Found a shadowy altar of Dithmenos.
  2456 | D:3      | Found a glowing golden altar of the Shining One.
  2709 | D:3      | Found a sparkling altar of Nemelex Xobeh.
  3065 | D:3      | Found an ancient bone altar of Kikubaaqudgha.
  3065 | D:3      | Found a shimmering blue altar of Sif Muna.
  3067 | D:3      | Found a radiant altar of Vehumet.
  3073 | D:3      | Identified Sif Muna's Volume of Enchantment
  3242 | D:4      | Found a glowing silver altar of Zin.
  3439 | D:4      | Reached skill level 4 in Shields
  3523 | D:4      | Found a staircase to the Ecumenical Temple.
  3810 | D:4      | Found a runed translucent door.
  3811 | D:4      | Noticed Crazy Yiuf
  4092 | D:4      | Killed Crazy Yiuf
  4221 | D:5      | Entered Level 5 of the Dungeon
  4272 | D:5      | Gained mutation: You are completely covered in iridescent
                  | scales. (AC +6) [demonic ancestry]
  4272 | D:5      | Reached XP level 6. HP: 41/47 MP: 6/6
  4324 | D:5      | Reached skill level 5 in Axes
  4401 | D:5      | Noticed Ijyb
  4404 | D:5      | HP: 4/47 [Ijyb/bolt of acid (15)]
  4404 | D:5      | Splashed by Ijyb's acid

Vanquished Creatures
  A scorpion (D:5)
  Crazy Yiuf (D:4)
  An orc priest (D:3)
  An orc wizard (D:4)
  A worker ant (D:5)
  7 adders
  A white imp (D:5)
  An ooze (D:3)
  An adder skeleton (D:4)
  A worm (D:2)
  6 leopard geckos
  7 orcs
  4 giant cockroaches
  6 goblins
  11 hobgoblins
  3 jackals (D:3)
  4 kobolds
  9 bats
  5 frilled lizards
  4 rats
75 creatures vanquished.

Vanquished Creatures (collateral kills)
  An orc wizard (D:3)
  A white imp (D:5)
  An ufetubus (D:5)
  3 orcs
6 creatures vanquished.

Grand Total: 81 creatures vanquished

Table legend: (Time is in decaauts)
 A = Elapsed time spent in this place.
 B = Non-inter-level travel time spent in this place.
 C = Inter-level travel time spent in this place.
 D = Time resting spent in this place.
 E = Time spent auto-exploring this place.
 F = Levels seen in this place.
 G = Mean time per level.
                   A        B        C        D        E       F      G
               +--------+--------+--------+--------+--------+-----+--------+
         Total |   4527 |   4419 |    108 |    101 |   3711 |   5 |  905.4 |
       Dungeon |   4527 |   4419 |    108 |    101 |   3711 |   5 |  905.4 |
               +--------+--------+--------+--------+--------+-----+--------+

Top non-repeatable levels by time:
     D:3: 1702 daAuts
     D:2: 1107 daAuts
     D:4: 997 daAuts
     D:1: 530 daAuts
     D:5: 188 daAuts

Table legend:
 A = Non-vault XP
 B = Vault XP
 C = Vault XP percentage of total XP
 D = Non-vault monster count
 E = Vault monster count
 F = Vault count percentage of total count
                 A         B        C        D         E       F
            +---------+---------+-------+---------+---------+-------
      Total |     444 |      42 |   8.6 |      80 |       1 |   1.2
            +---------+---------+-------+---------+---------+-------
        D:1 |      23 |       0 |   0.0 |      13 |       0 |   0.0
        D:2 |      84 |       0 |   0.0 |      19 |       0 |   0.0
        D:3 |     157 |       0 |   0.0 |      33 |       0 |   0.0
        D:4 |      70 |      42 |  37.5 |      10 |       1 |   9.1
        D:5 |     110 |       0 |   0.0 |       5 |       0 |   0.0
            +---------+---------+-------+---------+---------+-------
